| TOP OF THE 1ST |
|
Washington (APP) Nationals batting - Pitching for Miami (APP) Marlins : RHP Leon Valle
|
|
Pitching: RHP Leon Valle
|
|
|
Batting: LHB Chris Williams
|
0-0: Ground out 3-1 (Groundball, 34S, EV 78.1 MPH)
|
|
Batting: RHB Taffounnout Kame
|
0-0: Swinging Strike 0-1: Ball 1-1: TRIPLE (Line Drive, 9LD, EV 106.9 MPH)
|
|
Batting: RHB Er Le
|
0-0: Foul Ball, location: 2F 0-1: Ball 1-1: Ground out 5-3 (Groundball, 56S, EV 69.4 MPH) Taffounnout Kame scores
|
|
Batting: SHB Curtis DeLille
|
0-0: Swinging Strike 0-1: Foul Ball, location: 2F 0-2: Ball 1-2: Ball 2-2: Hit by Pitch
|
|
Batting: RHB Steve Kunselman
|
0-0: Called Strike 0-1: Ball 1-1: Called Strike 1-2: Foul Ball, location: 2F 1-2: Ball 2-2: Strikes out swinging
|
| Top of the 1st over - 1 run, 1 hit, 0 errors, 1 left on base; Washington (APP) 1 - Miami (APP) 0 |
| BOTTOM OF THE 1ST |
|
Miami (APP) Marlins batting - Pitching for Washington (APP) Nationals : RHP Romel Padua
|
|
Pitching: RHP Romel Padua
|
|
|
Batting: RHB Robbie Gomez
|
0-0: Ball 1-0: Swinging Strike 1-1: Ball 2-1: Fly out, F9 (Line Drive, 9LS, EV 89.4 MPH)
|
|
Batting: RHB Terrell Smith
|
0-0: Ball 1-0: Ball 2-0: Called Strike 2-1: Ball 3-1: Base on Balls
|
|
Batting: RHB Clark Meagher
|
0-0: Called Strike 0-1: Fielders Choice at 2nd, 6-4 (Groundball, 6S, EV 85.6 MPH)
|
|
Batting: RHB Rick English
|
0-0: Ball 1-0: Called Strike 1-1: Called Strike 1-2: Ground out U3 (Groundball, 3, EV 91.2 MPH)
|
| Bottom of the 1st over - 0 runs, 0 hits, 0 errors, 1 left on base; Washington (APP) 1 - Miami (APP) 0 |
| TOP OF THE 2ND |
|
Washington (APP) Nationals batting - Pitching for Miami (APP) Marlins : RHP Leon Valle
|
|
Batting: RHB Xavier Reeves
|
0-0: Called Strike 0-1: SINGLE (Groundball, 56, EV 105.0 MPH)
|
|
Batting: RHB Chad Madsen
|
0-0: Swinging Strike 0-1: Ball 1-1: Ball 2-1: Ball Xavier Reeves steals 2nd, throwing error, E2 Xavier Reeves to third 3-1: Fly out, F3 (Popup, 3F, EV 70.0 MPH)
|
|
Batting: RHB Jason Ewert
|
0-0: Foul Ball, location: 2F 0-1: Ground out 4-3 (Groundball, 4M, EV 105.0 MPH) Xavier Reeves scores
|
|
Batting: SHB Nolan Carew
|
0-0: Ball 1-0: SINGLE (Line Drive, 89M, EV 105.0 MPH)
|
|
Batting: LHB Chris Williams
|
0-0: Ball Nolan Carew steals 2nd base 1-0: Foul Ball, location: 2F 1-1: Foul Ball, location: 2F 1-2: Foul Ball, location: 2F 1-2: Foul Ball, location: 2F 1-2: Ball 2-2: Foul Ball, location: 2F 2-2: Fly out, F4 (Flyball, 4MD, EV 87.5 MPH)
|
| Top of the 2nd over - 1 run, 2 hits, 1 error, 1 left on base; Washington (APP) 2 - Miami (APP) 0 |
| BOTTOM OF THE 2ND |
|
Miami (APP) Marlins batting - Pitching for Washington (APP) Nationals : RHP Romel Padua
|
|
Batting: LHB Tony Olmos
|
0-0: Ball 1-0: Foul Ball, location: 2F 1-1: Ball 2-1: Foul Ball, location: 2F 2-2: Ball 3-2: Fly out, F9 (Flyball, 89S, EV 84.4 MPH)
|
|
Batting: RHB Adrian Bocker
|
0-0: Ball 1-0: Swinging Strike 1-1: Ball 2-1: Ball 3-1: Foul Ball, location: 2F 3-2: Base on Balls
|
|
Batting: RHB Axel Moltke
|
0-0: Called Strike 0-1: Ground out 5-3 (Groundball, 56S, EV 73.1 MPH) Adrian Bocker to second
|
|
Batting: RHB Hikaru Nakata
|
0-0: Ball 1-0: Ball Wild Pitch! Adrian Bocker to third 2-0: Ground out 6-3 (Groundball, 6, EV 85.0 MPH)
|
| Bottom of the 2nd over - 0 runs, 0 hits, 0 errors, 1 left on base; Washington (APP) 2 - Miami (APP) 0 |
| TOP OF THE 3RD |
|
Washington (APP) Nationals batting - Pitching for Miami (APP) Marlins : RHP Leon Valle
|
|
Batting: RHB Taffounnout Kame
|
0-0: Ball 1-0: Ball 2-0: Foul Ball, location: 2F 2-1: Foul Ball, location: 2F 2-2: Ball 3-2: Ground out 6-3 (Groundball, 6, EV 90.6 MPH)
|
|
Batting: RHB Er Le
|
0-0: Called Strike 0-1: Ball 1-1: SINGLE (Groundball, 56S, EV 71.2 MPH) (infield hit)
|
|
Batting: SHB Curtis DeLille
|
0-0: Called Strike 0-1: Called Strike 0-2: Ball 1-2: Fielders Choice at 2nd, 4-6 (Groundball, 4M, EV 101.2 MPH)
|
|
Batting: RHB Steve Kunselman
|
0-0: Ball 1-0: Called Strike 1-1: Foul Ball, location: 2F 1-2: Strikes out swinging
|
| Top of the 3rd over - 0 runs, 1 hit, 0 errors, 1 left on base; Washington (APP) 2 - Miami (APP) 0 |
| BOTTOM OF THE 3RD |
|
Miami (APP) Marlins batting - Pitching for Washington (APP) Nationals : RHP Romel Padua
|
|
Batting: RHB Aaron Mamer
|
0-0: Ground out 4-3 (Groundball, 4, EV 106.9 MPH)
|
|
Batting: RHB Robbie Gomez
|
0-0: Ball 1-0: Foul Ball, location: 2F 1-1: Fly out, F9 (Line Drive, 9S, EV 108.8 MPH)
|
|
Batting: RHB Terrell Smith
|
0-0: Called Strike 0-1: Ball 1-1: Ball 2-1: Foul Ball, location: 2F 2-2: Ground out 5-3 (Groundball, 5, EV 79.4 MPH)
|
| Bottom of the 3rd over - 0 runs, 0 hits, 0 errors, 0 left on base; Washington (APP) 2 - Miami (APP) 0 |
| TOP OF THE 4TH |
|
Washington (APP) Nationals batting - Pitching for Miami (APP) Marlins : RHP Leon Valle
|
|
Batting: RHB Xavier Reeves
|
0-0: Ball 1-0: Ball 2-0: Ball 3-0: Base on Balls
|
|
Batting: RHB Chad Madsen
|
0-0: Ball Xavier Reeves steals 2nd base 1-0: Ball 2-0: Reached on error, E6 (Groundball, 6, EV 102.5 MPH) Xavier Reeves to third
|
|
Batting: RHB Jason Ewert
|
0-0: Called Strike 0-1: Swinging Strike 0-2: Grounds into double play, 6-4-3 (Groundball, 6, EV 76.9 MPH) Xavier Reeves scores
|
|
Batting: SHB Nolan Carew
|
0-0: SINGLE (Groundball, 4MD, EV 106.9 MPH) (infield hit)
|
|
Batting: LHB Chris Williams
|
0-0: Ball Nolan Carew steals 2nd base 1-0: Ball 2-0: Ball 3-0: Called Strike 3-1: Base on Balls
|
|
Batting: RHB Taffounnout Kame
|
0-0: Swinging Strike 0-1: SINGLE (Groundball, 56S, EV 67.5 MPH) (infield hit) Nolan Carew to third Chris Williams to second
|
|
Batting: RHB Er Le
|
0-0: Foul Ball, location: 2F 0-1: Swinging Strike 0-2: Strikes out swinging
|
| Top of the 4th over - 1 run, 2 hits, 1 error, 3 left on base; Washington (APP) 3 - Miami (APP) 0 |
| BOTTOM OF THE 4TH |
|
Miami (APP) Marlins batting - Pitching for Washington (APP) Nationals : RHP Romel Padua
|
|
Batting: RHB Clark Meagher
|
0-0: Ball 1-0: Ball 2-0: Ball 3-0: Called Strike 3-1: Base on Balls
|
|
Batting: RHB Rick English
|
Balk! Clark Meagher to second 0-0: Ball 1-0: Fly out, F6 (Popup, 6, EV 71.9 MPH)
|
|
Batting: LHB Tony Olmos
|
0-0: Ball 1-0: Ground out 4-3 (Groundball, 13, EV 81.2 MPH) Clark Meagher to third
|
|
Batting: RHB Adrian Bocker
|
0-0: Fly out, F8 (Flyball, 89M, EV 79.4 MPH)
|
| Bottom of the 4th over - 0 runs, 0 hits, 0 errors, 1 left on base; Washington (APP) 3 - Miami (APP) 0 |
| TOP OF THE 5TH |
|
Washington (APP) Nationals batting - Pitching for Miami (APP) Marlins : RHP Leon Valle
|
|
Batting: SHB Curtis DeLille
|
0-0: Ball 1-0: Called Strike 1-1: Swinging Strike 1-2: Strikes out swinging
|
|
Batting: RHB Steve Kunselman
|
0-0: Called Strike 0-1: Foul Ball, location: 2F 0-2: Ball 1-2: Strikes out swinging
|
|
Pitching: RHP Eric Schafer
|
|
|
Batting: RHB Xavier Reeves
|
0-0: Ball 1-0: Foul Ball, location: 2F 1-1: Ground out 6-3 (Groundball, 6, EV 85.0 MPH)
|
| Top of the 5th over - 0 runs, 0 hits, 0 errors, 0 left on base; Washington (APP) 3 - Miami (APP) 0 |
| BOTTOM OF THE 5TH |
|
Miami (APP) Marlins batting - Pitching for Washington (APP) Nationals : RHP Romel Padua
|
|
Batting: RHB Axel Moltke
|
0-0: Ball 1-0: Ground out 5-3 (Groundball, 56S, EV 78.1 MPH)
|
|
Batting: RHB Hikaru Nakata
|
0-0: Called Strike 0-1: Ground out 3-1 (Groundball, 34, EV 92.5 MPH)
|
|
Batting: RHB Aaron Mamer
|
0-0: SINGLE (Groundball, 34D, EV 100.6 MPH)
|
|
Batting: RHB Robbie Gomez
|
0-0: Fly out, F4 (Line Drive, 4, EV 69.4 MPH)
|
| Bottom of the 5th over - 0 runs, 1 hit, 0 errors, 1 left on base; Washington (APP) 3 - Miami (APP) 0 |
| TOP OF THE 6TH |
|
Washington (APP) Nationals batting - Pitching for Miami (APP) Marlins : RHP Eric Schafer
|
|
Batting: RHB Chad Madsen
|
0-0: Called Strike 0-1: Ball 1-1: Foul Ball, location: 2F 1-2: Fly out, F9 (Flyball, 9, EV 88.1 MPH)
|
|
Batting: RHB Jason Ewert
|
0-0: Called Strike 0-1: Fly out, F7 (Flyball, 7LMF, EV 96.9 MPH)
|
|
Batting: SHB Nolan Carew
|
0-0: Ball 1-0: Foul Ball, location: 2F 1-1: Ball 2-1: Swinging Strike 2-2: Strikes out swinging
|
| Top of the 6th over - 0 runs, 0 hits, 0 errors, 0 left on base; Washington (APP) 3 - Miami (APP) 0 |
| BOTTOM OF THE 6TH |
|
Miami (APP) Marlins batting - Pitching for Washington (APP) Nationals : RHP Romel Padua
|
|
Batting: RHB Terrell Smith
|
0-0: Swinging Strike 0-1: Called Strike 0-2: Foul Ball, location: 2F 0-2: Strikes out looking
|
|
Batting: RHB Clark Meagher
|
0-0: Ground out 6-3 (Groundball, 6, EV 88.8 MPH)
|
|
Batting: RHB Rick English
|
0-0: Called Strike 0-1: Ball 1-1: Ball 2-1: Ball 3-1: Swinging Strike 3-2: Base on Balls
|
|
Batting: LHB Tony Olmos
|
0-0: Called Strike 0-1: Fielders Choice at 2nd, U6 (Groundball, 4, EV 80.0 MPH)
|
| Bottom of the 6th over - 0 runs, 0 hits, 0 errors, 1 left on base; Washington (APP) 3 - Miami (APP) 0 |
| TOP OF THE 7TH |
|
Washington (APP) Nationals batting - Pitching for Miami (APP) Marlins : RHP Eric Schafer
|
|
Pitching: LHP Matt Boehm
|
|
|
Batting: LHB Chris Williams
|
0-0: Called Strike 0-1: Swinging Strike 0-2: Strikes out swinging
|
|
Batting: RHB Taffounnout Kame
|
0-0: Fly out, F2 (Popup, 23F, EV 88.8 MPH)
|
|
Batting: RHB Er Le
|
0-0: Swinging Strike 0-1: Swinging Strike 0-2: Strikes out looking
|
| Top of the 7th over - 0 runs, 0 hits, 0 errors, 0 left on base; Washington (APP) 3 - Miami (APP) 0 |
| BOTTOM OF THE 7TH |
|
Miami (APP) Marlins batting - Pitching for Washington (APP) Nationals : RHP Romel Padua
|
|
Batting: RHB Adrian Bocker
|
0-0: Ball 1-0: Ball 2-0: Called Strike 2-1: Fly out, F9 (Line Drive, 9, EV 98.1 MPH)
|
|
Batting: RHB Axel Moltke
|
0-0: Ball 1-0: Swinging Strike 1-1: Ball 2-1: Ground out U3 (Groundball, 3D, EV 105.0 MPH)
|
|
Batting: RHB Hikaru Nakata
|
0-0: Called Strike 0-1: Ball 1-1: Ground out 6-3 (Groundball, 6, EV 82.5 MPH)
|
| Bottom of the 7th over - 0 runs, 0 hits, 0 errors, 0 left on base; Washington (APP) 3 - Miami (APP) 0 |
| TOP OF THE 8TH |
|
Washington (APP) Nationals batting - Pitching for Miami (APP) Marlins : LHP Matt Boehm
|
|
Batting: SHB Curtis DeLille
|
0-0: Called Strike 0-1: Ball 1-1: Swinging Strike 1-2: Ball 2-2: Ball 3-2: Ground out 3-1 (Groundball, 34S, EV 86.2 MPH)
|
|
Batting: RHB Steve Kunselman
|
0-0: Foul Ball, location: 2F 0-1: Foul Ball, location: 2F 0-2: Ball 1-2: Ball 2-2: Foul Ball, location: 2F 2-2: Ball 3-2: Strikes out looking
|
|
Batting: RHB Xavier Reeves
|
0-0: Called Strike 0-1: Swinging Strike 0-2: Foul Ball, location: 2F 0-2: Ball 1-2: Ball 2-2: Foul Ball, location: 2F 2-2: Ball 3-2: Strikes out looking
|
| Top of the 8th over - 0 runs, 0 hits, 0 errors, 0 left on base; Washington (APP) 3 - Miami (APP) 0 |
| BOTTOM OF THE 8TH |
|
Miami (APP) Marlins batting - Pitching for Washington (APP) Nationals : RHP Romel Padua
|
|
Pitching: RHP Johnny Hallamore
|
|
|
Batting: RHB Aaron Mamer
|
0-0: SOLO HOME RUN (Line Drive, 7D, EV 103.8 MPH), Distance : 384 ft
|
|
Batting: RHB Robbie Gomez
|
0-0: Called Strike 0-1: Foul Ball, location: 2F 0-2: Ball 1-2: Ball 2-2: Ground out U3 (Groundball, 3, EV 98.8 MPH)
|
|
Batting: RHB Terrell Smith
|
0-0: Foul Ball, location: 2F 0-1: Foul Ball, location: 2F 0-2: Ball 1-2: Strikes out swinging
|
|
Batting: RHB Clark Meagher
|
0-0: Called Strike 0-1: Swinging Strike 0-2: Foul Ball, location: 2F 0-2: Ball 1-2: Ball 2-2: Foul Ball, location: 2F 2-2: Strikes out swinging
|
| Bottom of the 8th over - 1 run, 1 hit, 0 errors, 0 left on base; Washington (APP) 3 - Miami (APP) 1 |
| TOP OF THE 9TH |
|
Washington (APP) Nationals batting - Pitching for Miami (APP) Marlins : LHP Matt Boehm
|
|
Batting: RHB Chad Madsen
|
0-0: Ball 1-0: Foul Ball, location: 2F 1-1: Swinging Strike 1-2: Strikes out swinging
|
|
Batting: RHB Jason Ewert
|
0-0: Ball 1-0: Ball 2-0: Ball 3-0: Called Strike 3-1: Called Strike 3-2: Strikes out swinging
|
|
Pitching: RHP Franklin Vazquez
|
|
|
Batting: RHB Vasag Semerjian
|
0-0: Ball 1-0: Foul Ball, location: 2F 1-1: Called Strike 1-2: Foul Ball, location: 2F 1-2: Ball 2-2: Ground out 6-3 (Groundball, 6, EV 84.4 MPH)
|
| Top of the 9th over - 0 runs, 0 hits, 0 errors, 0 left on base; Washington (APP) 3 - Miami (APP) 1 |
| BOTTOM OF THE 9TH |
|
Miami (APP) Marlins batting - Pitching for Washington (APP) Nationals : RHP Johnny Hallamore
|
|
Pitching: RHP Oswaldo Vasquez
|
|
|
Batting: RHB Rick English
|
0-0: Ball 1-0: Ball 2-0: Fly out, F7 (Flyball, 7LM, EV 83.1 MPH)
|
|
Batting: LHB Tony Olmos
|
0-0: Ball 1-0: Swinging Strike 1-1: Ball 2-1: Foul Ball, location: 2F 2-2: Strikes out swinging
|
|
Batting: RHB Adrian Bocker
|
0-0: Ball 1-0: Ball 2-0: Ball 3-0: Base on Balls
|
|
Batting: RHB Axel Moltke
|
0-0: Ball 1-0: Ball 2-0: Called Strike 2-1: Fielders Choice at 2nd, 6-4 (Groundball, 6, EV 88.8 MPH)
|
| Bottom of the 9th over - 0 runs, 0 hits, 0 errors, 1 left on base; Washington (APP) 3 - Miami (APP) 1 |
|